 Dungeon Sprint DCSS version 0.29-a0-356-g7bc237e783 (webtiles) character file.

Game seed: 402673161530713542

72 Zeldest the Cudgeller (level 4, -1/48 HPs)
             Began as a Troll Fighter on Apr 25, 2022.
             Was an Initiate of Jiyva.
             Slain by a troll (11 damage)
             ... in the Dungeon (Sprint IX: "|||||||||||||||||||||||||||||").
             The game lasted 00:01:47 (132 turns).

Zeldest the Cudgeller (Troll Fighter)                Turns: 132, Time: 00:01:48

Health: -1/48      AC:  4    Str: 26    XL:     4   Next: 6%
Magic:  3/3        EV: 10    Int:  4    God:    Jiyva [......]
Gold:   0          SH:  0    Dex:  9    Spells: 3/3 levels left

rFire   . . .      SeeInvis .   o - +7 lajatang of Order {silver, rMut}
rCold   . . .      Faith    .   (shield currently unavailable)
rNeg    . . .      Spirit   .   b - +0 robe
rPois   .          Reflect  .   (helmet restricted)
rElec   .          Harm     .   (no cloak)
rCorr   .          Rampage  .   (gloves unavailable)
rMut    +          NoTele   +   (boots unavailable)
Will    .....                   (no amulet)
Stlth   +.........              (no ring)
HPRegen 0.96/turn               (no ring)
MPRegen 0.08/turn

@: no status effects
A: large, unfitting armour, claws 3, regeneration 1, shaggy fur 1, tough skin 1
a: Renounce Religion


You were in the Dungeon.
You worshipped Jiyva.
Jiyva was noncommittal.
You visited 1 branch

Inventory:

Hand Weapons
 a - a +0 flail
 n - a +2 vorpal dire flail
 o - the +7 lajatang of Order (weapon) {silver, rMut}
   (You found it in the Dungeon)

   It inflicts extra damage upon those it strikes, and deals substantially
   increased damage to chaotic, mutated and magically transformed beings.
   rMut:      It protects you from mutation.
Armour
 b - a +0 robe (worn)
Jewellery
 c - a +3 ring of intelligence
 p - a +3 ring of intelligence
Wands
 m - a wand of iceblast (10)
Scrolls
 j - 2 scrolls of blinking
 l - 2 scrolls of amnesia
Potions
 d - a potion of might
 e - 5 potions of curing
 f - 3 potions of heal wounds
 g - a potion of haste
 h - 4 potions of magic
 i - a potion of berserk rage
 k - a potion of invisibility


   Skills:
 + Level 3.8 Fighting
 - Level 4.8 Maces & Flails
 * Level 0.0(2.6) Staves
 + Level 2.6 Armour
 + Level 3.8 Dodging
 - Level 2.4 Shields


You had 3 spell levels left.
You didn't know any spells.
Your spell library was empty.

Dungeon Overview and Level Annotations

Branches:
Dungeon (1/1)

Altars:
Cheibriados
Dithmenos
Elyvilon
Fedhas
Gozag
Hepliaklqana
Kikubaaqudgha
Makhleb
Nemelex Xobeh
Okawaru
Qazlal
Ru
Sif Muna
Trog
Uskayaw
Vehumet
Wu Jian
Xom
Yredelemnul
Zin
The Shining One
Beogh
Jiyva
Lugonu


Innate Abilities, Weirdness & Mutations

You are too large for most types of armour.
You have claws for hands.
Your natural rate of healing is unusually fast.
You are covered in fur. (AC +1)
You have tough skin. (AC +1)


Message History

n - a +2 vorpal dire flail
o - the +7 lajatang of Order {silver, rMut} Jiyva gurgles merrily.
Okay, then.
You start removing your armour.
You continue taking off your +0 kite shield. x4
You finish taking off your +0 kite shield.
You drop a +0 kite shield.
o - the +7 lajatang of Order (weapon)
{silver, rMut} You see here a +0 pair of boots.
You see here a +0 pair of boots.
You see here a +1 chain mail.
c - a +3 ring of intelligence
p - a +3 ring of intelligence You open the door.
A wyvern, a troll, a shadow, 2 yaks and a killer bee come into view.
The troll shouts!
The yak bellows! x2; The wyvern hisses angrily.
You barely miss the wyvern. The wyvern bites you.
The shadow slips into darkness.
The shadow flickers and vanishes!
Deactivating autopickup; reactivate with Ctrl-A.
The wyvern closely misses you.
You slash the wyvern!
The wyvern is almost dead.
The wyvern bites you. x2
You barely miss the wyvern.
The wyvern is almost dead.
The wyvern bites you. x2
You hit the wyvern.
The wyvern is almost dead.
The wyvern barely misses you. The wyvern bites you.
You completely miss the wyvern.
The wyvern is almost dead.
The wyvern bites you!
* * * LOW HITPOINT WARNING * * *
The wyvern barely misses you.
You slice the wyvern!!
You kill the wyvern!
The troll bites you!
You die...

▓.▓
▓.▓
▓[▓
▓.▓
▓[▓
▓[▓
▓[▓
▓.▓
▓@▓
▓T▓
▓{▓
▓Y▓
▓Y▓
▓.▓
▓y▓
▓.▓


You could see 2 yaks, a troll and a killer bee.

Vanquished Creatures
  A wyvern (D)
  2 hounds (D)
  A dart slug (D)
  An orc (D)
  A jackal (D)
  A kobold (D)
  2 quokkas (D)
  A ball python (D)
  A rat (D)
11 creatures vanquished.

Vanquished Creatures (others)
  An unseen horror (shapeshifter) (D)
  2 slime creatures (D)
  A wraith (D)
4 creatures vanquished.

Grand Total: 15 creatures vanquished

Notes
Turn   | Place    | Note
-------+----------+-------------------------------------------
     0 | D        | Zeldest the Troll Fighter began the quest for the Orb.
     0 | D        | Reached XP level 1. HP: 22/22 MP: 0/0
     5 | D        | Reached skill level 2 in Maces & Flails
    33 | D        | Reached skill level 1 in Armour
    39 | D        | Noticed a hound
    39 | D        | Noticed a hound
    48 | D        | Reached XP level 2. HP: 29/29 MP: 1/1
    51 | D        | Reached skill level 3 in Maces & Flails
    63 | D        | Reached skill level 4 in Maces & Flails
    63 | D        | Reached XP level 3. HP: 34/37 MP: 2/2
    70 | D        | Reached XP level 4. HP: 33/48 MP: 3/3
    75 | D        | Found a snail-covered altar of Cheibriados.
    75 | D        | Found a shadowy altar of Dithmenos.
    75 | D        | Found a white marble altar of Elyvilon.
    75 | D        | Found a blossoming altar of Fedhas.
    75 | D        | Found an opulent altar of Gozag.
    76 | D        | Found a hazy altar of Hepliaklqana.
    77 | D        | Found a viscous altar of Jiyva.
    78 | D        | Found an ancient bone altar of Kikubaaqudgha.
    79 | D        | Found a corrupted altar of Lugonu.
    80 | D        | Found a burning altar of Makhleb.
    81 | D        | Found a sparkling altar of Nemelex Xobeh.
    82 | D        | Found an iron altar of Okawaru.
    83 | D        | Found a stormy altar of Qazlal.
    84 | D        | Found a sacrificial altar of Ru.
    85 | D        | Became a worshipper of Jiyva Jumeuzax the Shapeless
    85 | D        | Killed a wraith
    86 | D        | Found a shimmering blue altar of Sif Muna.
    87 | D        | Found a bloodstained altar of Trog.
    87 | D        | Killed a slime creature
    88 | D        | Found a hide-covered altar of Uskayaw.
    89 | D        | Found a radiant altar of Vehumet.
    90 | D        | Found an ornate altar of the Wu Jian Council.
    91 | D        | Found a shimmering altar of Xom.
    92 | D        | Found a basalt altar of Yredelemnul.
    93 | D        | Found a glowing silver altar of Zin.
    93 | D        | Killed a slime creature
    94 | D        | Found a glowing golden altar of the Shining One.
   100 | D        | Killed an unseen horror
   102 | D        | Found the +7 lajatang of Order {silver, rMut}
   126 | D        | Noticed a wyvern
   126 | D        | Noticed a troll
   126 | D        | Noticed a shadow
   126 | D        | Noticed a yak
   126 | D        | Noticed a yak
   132 | D        | Killed a wyvern
   132 | D        | Slain by a troll

Illustrated notes

Levels and vault maps discovered:
D:        linesprint [early_d, line_temple, items_1, d_10, items_2, lair_1,
          lair_end, items_3, orc_1, orc_end, items_4, d_15, swamp_1, shoals_1,
          snake_1, spider_1, d_20, vaults_1, items_5, swamp_end, shoals_end,
          snake_end, spider_end, vaults_end, d_27, items_6, zot_1, zot_end,
          crypt_end, forest_end, elf_end, slime_end, tomb_end, abyss_end,
          pan_hell_end]

Skill      XL: |  1  2 |
---------------+-------+-----
Maces & Flails | 2 4 |  4.8
Armour         | 1 2 |  2.6
Fighting       | 3 |  3.8
Dodging        | 3 |  3.8
Shields        | |  2.4

Action                   |  1- 3 |  4- 6 || total
-------------------------+-------+-------++-------
Melee: Flail             |    58 |       ||    58
       Lajatang          |       |     6 ||     6
Armor: Robe              |    25 |       ||    25
Dodge: Dodged            |    32 |     3 ||    35
Block: Kite shield       |    22 |       ||    22

Table legend: (Time is in decaauts)
 A = Elapsed time spent in this place.
 B = Non-inter-level travel time spent in this place.
 C = Inter-level travel time spent in this place.
 D = Time resting spent in this place.
 E = Time spent auto-exploring this place.
 F = Levels seen in this place.
 G = Mean time per level.
                   A        B        C        D        E       F      G
               +--------+--------+--------+--------+--------+-----+--------+
         Total |    155 |    155 |      0 |      0 |      0 |   1 |  155.0 |
       Dungeon |    155 |    155 |      0 |      0 |      0 |   1 |  155.0 |
               +--------+--------+--------+--------+--------+-----+--------+

Top non-repeatable levels by time:
       D: 155 daAuts
